Map: King of Braxis Station

Players

MrFercho

  • Race: Zerg Zerg
  • Spawn Location: 7:00

tigro

  • Race: Terran Terran
  • Spawn Location: 1:00

GOGOGO

  • Race: Zerg Zerg
  • Spawn Location: 3:00

IA (Difícil)

  • Race: Protoss Protoss
  • Spawn Location: 9:00

TheslaveD

  • Race: Protoss Protoss
  • League: Gold
  • Spawn Location: 6:00

IA (Difícil)

  • Race: Terran Terran
  • Spawn Location: 5:00

IA (Difícil)

  • Race: Zerg Zerg
  • Spawn Location: 11:00

IA (Difícil)

  • Race: Protoss Protoss
  • Spawn Location: 12:00

VOD

Have the link to the VOD?

Description

Time

  • Played on: April 3, 2020, 9:36 p.m.
  • Length: 23:53
Show
View Real Time Build Order
Export as new Build Order

MrFercho Zerg 

Build Orders: Hatch First, Lurkers 

Get SALT Encoding   

  12  0:03  Drone  
  13  0:13  Overlord  
  13  0:18  Drone  
  14  0:47  Drone  
  14  0:48  Drone  
  16  0:59  Hatchery  
  16  1:01  Drone  
  16  1:03  Drone  
  17  1:07  Extractor  
  16  1:12  Drone  
  16  1:14  Extractor  
  16  1:29  Spawning Pool  
  15  1:42  Drone  
  15  1:43  Drone  
  15  1:44  Drone  
  18  2:16  Drone  
  18  2:17  Drone  
  18  2:18  Drone  
  18  2:19  Hatchery  
  20  2:24  Overlord  
  20  2:26  Zergling x2  
  21  2:30  Metabolic Boost  
  21  2:41  Zergling x2  
  21  2:42  Zergling x4  
  24  2:52  Drone x2  
  26  3:24  Drone x2  
  26  3:25  Drone x4  
  28  4:17  Zergling x2  
  28  4:18  Zergling x10  
  28  4:19  Zergling x6  
  37  4:38  Evolution Chamber  
  36  4:44  Roach Warren  
  35  5:00  Baneling Nest  
  35  5:01  Lair  
  26  6:08  Roach x2  
  26  6:09  Zergling x6, Roach  
  34  6:11  Zergling x2  
  35  6:26  Drone  
  35  6:27  Drone x4  
  40  6:39  Spore Crawler  
  39  6:42  Spore Crawler  
  39  6:44  Spore Crawler  
  27  7:46  Overlord x2  
  27  7:48  Roach x3  
  27  7:49  Zergling x6  
  27  7:50  Zergling x2  
  37  8:06  Infestation Pit  
  37  8:10  Hydralisk Den  
  35  8:16  Nydus Network  
  34  8:21  Centrifical Hooks  
  34  8:24  Zerg Melee Weapons Level 1  
  34  8:27  Spire  
  33  8:49  Burrow  
  33  9:27  Overlord x2  
  33  9:28  Drone x2  
  33  9:29  Hydralisk  
  33  9:30  Hydralisk x3  
  33  9:31  Extractor  
  42  9:32  Roach  
  42  9:34  Extractor  
  43  9:43  Nydus Canal  
  44  10:00  Ravager x3  
  44  10:01  Ravager  
  47  10:08  Overlord x3  
  35  11:30  Mutalisk x4  
  43  11:33  Hydralisk x3  
  43  11:34  Hydralisk x2  
  53  11:45  Drone x2  
  55  11:54  Hive  
  55  11:56  Lurker Den  
  54  12:12  Nydus Canal  
  54  12:27  Drone  
  54  12:28  Drone x8  
  63  12:42  Zerg Melee Weapons Level 2  
  63  12:47  Glial Reconstitution  
  63  13:21  Hatchery  
  62  13:29  Spine Crawler  
  61  13:49  Hatchery  
  61  13:51  Hatchery, Drone x4  
  61  13:52  Drone x5  
  68  13:59  Lurker x2  
  68  14:00  Lurker x2  
  45  14:28  Mutalisk x2  
  49  14:58  Zerg Missile Weapons Level 1  
  49  15:09  Corruptor x2  
  53  15:50  Hatchery  
  53  15:55  Hatchery  
  51  15:59  Hatchery  
  50  16:10  Greater Spire  
  50  16:21  Drone x6  
  56  16:53  Zerg Ground Armor Level 1  
  48  17:27  Hatchery  
  47  17:30  Hatchery  
  47  17:32  Mutalisk x4  
  47  17:34  Hatchery  
  53  17:54  Brood Lord  
  55  18:19  Zerg Flyer Weapons Level 1  
  55  18:27  Drone  
  55  18:28  Drone x5  
  61  18:47  Zerg Melee Weapons Level 3  
  61  18:50  Overlord  
  61  18:51  Overlord x2  
  61  19:00  Overseer  
  61  19:20  Corruptor  
  61  19:21  Corruptor x2  
  67  19:28  Zergling x2  
  67  19:29  Zergling x22  
  73  19:51  Hydralisk x4  
  81  20:29  Lurker x2  
  57  20:54  Zergling x4  
  57  20:55  Zergling x12  
  14  21:55  Drone  
  14  21:56  Drone  
  14  21:57  Drone x3  
  14  21:58  Drone  
  20  22:28  Hatchery  
  20  22:29  Hatchery  
  18  22:30  Hatchery  
  17  22:47  Drone x6  
Show
View Real Time Build Order
Export as new Build Order

tigro Terran 

Build Orders:  

Get SALT Encoding   

  12  0:03  SCV  
  13  0:15  SCV  
  13  0:18  Refinery  
  14  0:32  Supply Depot  
  14  0:36  Refinery  
  14  0:42  SCV  
  15  0:54  SCV  
  17  1:11  SCV  
  17  1:22  Barracks  
  17  1:23  SCV  
  18  1:36  SCV  
  19  1:48  SCV  
  20  2:01  SCV  
  21  2:10  Marine  
  21  2:13  SCV  
  23  2:21  Supply Depot  
  23  2:42  Marine  
  24  2:48  Barracks  
  24  2:49  Orbital Command  
  24  3:00  Marine  
  25  3:18  Marine  
  26  3:35  Barracks Tech Lab, Marine  
  26  3:38  Engineering Bay  
  27  3:53  Marine  
  28  3:57  Combat Shield  
  28  4:06  Supply Depot  
  28  4:07  Marauder  
  28  4:11  Marine  
  29  4:27  Terran Infantry Weapons Level 1  
  29  4:28  Marauder  
  29  4:29  Marine  
  32  4:48  Factory  
  32  4:50  Marauder  
  34  4:53  Barracks Tech Lab  
  34  5:11  Marauder  
  36  5:16  Stimpack  
  36  5:32  Marauder  
  38  5:37  Factory Tech Lab  
  38  5:39  Armory  
  38  5:56  SCV  
  39  6:11  Marine  
  40  6:13  Siege Tank  
  43  6:22  Terran Infantry Armor Level 1  
  43  6:42  Missile Turret  
  43  6:56  Concussive Shells  
  43  7:15  Starport  
  43  7:16  Terran Vehicle And Ship Armor Level 1  
  43  7:59  Medivac  
  43  8:00  Factory  
  45  8:16  Neosteel Armor  
  45  8:17  Marine  
  46  8:29  Medivac  
  48  8:36  Marauder  
  50  8:54  Supply Depot  
  50  8:57  Marine  
  51  9:04  Starport Tech Lab  
  51  9:10  Terran Vehicle Weapons Level 1  
  51  9:15  Marauder  
  53  9:17  Marine  
  54  9:25  Missile Turret  
  54  9:35  Marine  
  54  9:36  Marine  
  56  9:53  Marine  
  56  9:54  Fusion Core  
  56  9:56  Hi-Sec Auto Tracking  
  57  10:06  Missile Turret  
  57  10:07  Factory Tech Lab  
  57  10:08  Infernal Pre-Igniter  
  57  10:11  Marine  
  58  10:23  Corvid Reactor  
  58  10:29  Marine  
  59  10:39  Missile Turret  
  59  10:52  Terran Infantry Weapons Level 2  
  59  10:56  Starport  
  59  10:59  Marine  
  60  11:04  Terran Ship Weapons Level 1  
  60  11:18  Siege Tank  
  60  11:19  Missile Turret  
  63  11:27  Mag-Field Accelerator  
  63  11:39  Starport Tech Lab  
  63  11:55  Missile Turret  
  63  12:02  Missile Turret  
  63  12:49  Command Center  
  63  12:50  Missile Turret  
  63  13:03  Battlecruiser  
  69  13:07  Drilling Claws  
  69  13:08  Terran Infantry Armor Level 2  
  69  13:17  Thor  
  75  13:38  Supply Depot  
  75  13:49  Weapon Refit  
  75  13:53  Marine  
  75  13:55  Marine  
  77  14:10  Marine  
  77  14:13  Marine  
  79  14:25  Smart Servos  
  79  14:28  Planetary Fortress  
  79  15:24  Terran Infantry Weapons Level 3  
  79  15:32  Rapid Reignition System  
  79  15:36  Cloaking Field  
  79  16:12  Missile Turret  
  79  16:29  Advanced Ballistics  
  79  16:42  Widow Mine  
  79  16:46  Missile Turret  
  81  17:03  Widow Mine  
  83  17:15  Missile Turret  
  83  18:24  Battlecruiser  
  89  18:28  Battlecruiser  
  89  18:29  Missile Turret  
  89  18:32  Terran Infantry Armor Level 3  
  95  18:39  Terran Vehicle Weapons Level 2  
  95  18:45  Marine  
  96  18:50  Marine  
  97  19:03  Marine  
  97  19:08  Marine  
  99  19:21  Supply Depot, Marine  
  100  19:25  Marine  
  101  19:32  Raven  
  103  19:39  Marine  
  103  19:43  Marine  
  105  19:56  Marine  
  106  20:01  Marine  
  106  20:05  Missile Turret  
  107  20:14  Marine  
  107  20:19  Marine  
  109  20:32  Marine  
  110  20:37  Marine  
  110  20:40  Missile Turret  
  111  20:55  Terran Vehicle And Ship Armor Level 2  
  33  22:15  Marauder  
  35  22:17  Marine  
  35  22:21  Siege Tank  
  39  22:23  Siege Tank  
  42  22:35  Marine  
  42  22:36  Marauder  
  45  22:52  Marine  
  45  22:53  Siege Tank  
  45  22:55  Siege Tank  
  45  22:57  Marauder, Command Center  
  54  23:10  Marine  
  55  23:19  Marauder  
  66  23:28  Marine  
Show
View Real Time Build Order
Export as new Build Order

GOGOGO Zerg 

Build Orders: Pool First 

Get SALT Encoding   

  12  0:01  Drone  
  13  0:07  Drone  
  14  0:16  Overlord  
  14  0:35  Spawning Pool  
  14  0:37  Drone  
  14  0:39  Drone  
  15  0:44  Drone  
  16  0:53  Drone  
  16  0:54  Extractor  
  16  1:03  Drone  
  17  1:30  Zergling x4  
  17  1:32  Zergling x2  
  20  1:48  Zergling x2  
  20  1:52  Queen, Hatchery  
  20  1:53  Overlord  
  22  2:11  Hatchery  
  22  2:12  Drone  
  22  2:13  Extractor  
  21  2:24  Zergling x2  
  21  2:29  Overlord  
  20  2:37  Zergling x2  
  20  2:42  Roach Warren  
  19  2:51  Zergling x2  
  19  2:57  Metabolic Boost  
  18  2:59  Zergling x2  
  18  3:03  Zergling x4  
  21  3:06  Zergling x2  
  21  3:12  Drone  
  23  3:14  Drone  
  23  3:19  Drone  
  25  3:23  Drone  
  26  3:34  Queen  
  28  3:45  Drone  
  28  3:48  Zergling x6  
  32  3:55  Zergling x4  
  33  4:05  Zergling x4  
  33  4:07  Overlord  
  32  4:15  Zergling x2, Overlord  
  33  4:22  Zergling x2  
  34  4:27  Zergling x6  
  38  4:31  Zergling x2  
  38  4:36  Zergling x4  
  40  4:45  Zergling x4  
  40  4:49  Zergling x2  
  40  4:50  Zergling x2  
  42  5:01  Roach x2  
  42  5:02  Roach  
  42  5:05  Drone  
  45  5:17  Zergling x6  
  45  5:22  Zergling x2  
  45  5:25  Zergling x2  
  45  5:26  Zergling x2  
  44  5:33  Roach  
  43  5:37  Zergling x2  
  43  5:38  Drone  
  45  5:43  Roach  
  45  5:48  Roach  
  49  5:56  Spine Crawler  
  48  6:03  Roach  
  48  6:09  Roach  
  47  6:13  Zergling x4  
  47  6:15  Zergling x2  
  46  6:23  Zergling x4  
  43  6:27  Zergling x2  
  43  6:30  Drone  
  45  6:38  Drone x2  
  46  6:43  Roach  
  46  6:58  Zergling x4  
  46  6:59  Zergling x6  
  46  7:00  Zergling x2  
  49  7:07  Zergling x4  
  47  7:11  Roach  
  49  7:20  Lair  
  49  7:26  Overlord  
  49  7:42  Overlord x2  
  49  7:48  Roach  
  49  7:49  Roach  
  53  7:58  Roach x2  
  57  8:02  Zergling x2  
  58  8:13  Zergling x8  
  58  8:17  Zergling x2  
  63  8:26  Queen  
  65  8:33  Zergling x4  
  67  8:49  Roach x3  
  67  8:52  Zergling x2  
  74  9:14  Overlord x4  
  74  9:26  Glial Reconstitution  
  74  9:37  Zergling x12  
  61  9:50  Hydralisk Den  
  55  9:57  Roach x2  
  51  10:12  Zergling x8  
  41  10:21  Grooved Spines  
  41  10:55  Hatchery, Drone x4  
  41  10:56  Drone  
  45  10:58  Drone  
  46  11:14  Zergling x6  
  46  11:15  Zergling x4  
  47  11:24  Hydralisk  
  47  11:25  Hydralisk  
  51  11:29  Zergling x2  
  52  11:34  Zergling x2  
  52  11:35  Zergling x2  
  53  11:41  Evolution Chamber  
  53  11:43  Zergling x2  
  49  11:52  Zergling x4  
  49  11:53  Zergling x2  
  49  11:55  Zergling x2  
  50  12:08  Drone  
  51  12:12  Drone x3  
  51  12:13  Drone x2  
  56  12:18  Drone  
  57  12:24  Drone  
  57  12:28  Drone  
  59  12:38  Spore Crawler  
  59  12:41  Drone x2  
  59  12:42  Drone  
  61  12:44  Drone  
  61  12:50  Hydralisk  
  61  12:51  Hydralisk  
  64  12:54  Zergling x2  
  67  12:59  Zergling x6  
  67  13:03  Zerg Ground Armor Level 1  
  70  13:07  Hydralisk  
  70  13:11  Hydralisk  
  74  13:12  Hydralisk  
  76  13:23  Drone  
  76  13:24  Drone x2  
  76  13:26  Hydralisk x2  
  83  13:29  Roach x2  
  87  13:37  Spore Crawler  
  87  13:38  Drone  
  87  13:42  Hydralisk x2  
  87  13:43  Spore Crawler  
  87  13:44  Drone  
  91  13:49  Drone x3  
  91  13:52  Drone x3  
  91  13:54  Drone  
  98  14:02  Zergling x4  
  100  14:03  Zergling x4  
  100  14:06  Drone  
  104  14:10  Drone x2  
  104  14:13  Hydralisk  
  100  14:24  Hydralisk x3  
  104  14:33  Hydralisk x4  
  104  14:35  Drone  
  112  14:39  Overlord x2  
  112  14:40  Overlord  
  112  14:50  Overlord  
  112  14:54  Evolution Chamber  
  112  14:55  Muscular Augments  
  110  15:01  Zerg Missile Weapons Level 1  
  110  15:02  Drone  
  110  15:03  Hydralisk x2, Drone x3  
  118  15:07  Drone x3  
  118  15:10  Hydralisk x5  
  130  15:16  Hydralisk x3  
  130  15:19  Zergling x4  
  130  15:20  Zergling x2  
  126  15:24  Spine Crawler  
  126  15:25  Zergling x4  
  126  15:26  Zergling x4  
  116  15:33  Zergling x4  
  103  15:36  Zergling x4  
  103  15:41  Zergling x2  
  103  15:42  Zergling x14  
  99  15:45  Zergling x2  
  99  15:48  Zergling x2  
  99  15:55  Drone  
  99  15:56  Drone x2  
  99  15:58  Zergling x2  
  99  16:01  Zergling x4  
  98  16:07  Zergling x4  
  98  16:11  Zergling x2  
  96  16:14  Drone  
  96  16:16  Zergling x4  
  92  16:19  Hydralisk  
  92  16:20  Hydralisk x3  
  92  16:22  Drone  
  101  16:30  Lurker Den  
  101  16:32  Hydralisk x3  
  100  16:34  Hatchery  
  100  16:35  Zergling x2, Drone  
  100  16:37  Hatchery  
  100  16:39  Hydralisk  
  106  16:40  Spine Crawler, Hydralisk  
  108  16:48  Hydralisk x3  
  108  16:49  Hydralisk  
  115  16:58  Zergling x10  
  115  17:01  Hydralisk x3  
  119  17:03  Zergling x4  
  127  17:08  Zerg Missile Weapons Level 2  
  127  17:15  Zergling x10  
  132  17:17  Unknown  
  132  17:18  Drone, Unknown  
  132  17:20  Unknown x2  
  132  17:21  Zergling x2  
  132  17:22  Zergling x2  
  131  17:27  Zergling x2  
  131  17:28  Zergling x2  
  121  17:36  Zergling x2  
  107  17:37  Zergling x14  
  107  17:41  Zergling x4  
  107  17:43  Zergling x2  
  107  17:44  Zergling x2  
  115  17:45  Zergling x6  
  115  17:50  Zergling x2  
  123  17:51  Zergling x8  
  123  17:53  Queen  
  123  17:57  Drone x2  
  122  18:01  Zergling x2  
  122  18:04  Zerg Ground Armor Level 2  
  120  18:06  Roach  
  120  18:07  Roach x3  
  120  18:08  Zergling x6  
  120  18:09  Zergling x10  
  120  18:11  Drone x2  
  137  18:18  Zergling x2  
  137  18:19  Zergling x8  
  141  18:26  Lurker  
  141  18:27  Lurker x2  
  144  18:28  Zergling x12  
  144  18:30  Drone  
  144  18:32  Zergling x2  
  144  18:33  Zergling x2  
  153  18:34  Zergling x2  
  153  18:35  Zergling x2  
  153  18:39  Overlord  
  153  18:40  Overlord  
  155  18:43  Pneumatized Carapace  
  155  18:46  Zergling x2  
  155  19:03  Infestation Pit  
  155  19:09  Drone x2  
  156  19:13  Drone  
  157  19:18  Hatchery  
  157  19:21  Hydralisk x4  
  164  19:29  Hydralisk x3  
  170  19:31  Drone  
  169  19:46  Zergling x2  
  169  19:47  Zergling x4  
  169  19:55  Zergling x2  
  169  19:57  Overlord x4  
  166  20:08  Drone  
  166  20:09  Drone x5  
  171  20:17  Hatchery  
  171  20:20  Hatchery  
  169  20:21  Hatchery  
  169  20:24  Hydralisk  
  169  20:26  Hydralisk x3  
  169  20:27  Hydralisk x3  
  169  20:28  Hydralisk  
  182  20:35  Drone  
  181  20:36  Drone x3, Spire  
  181  20:38  Drone  
  181  20:39  Drone x2  
  181  20:40  Drone  
  181  20:48  Zergling x4  
  181  20:49  Zergling x8  
  187  20:58  Lurker x6  
  187  20:59  Lurker  
  192  21:13  Zergling x16  
  194  21:20  Hydralisk  
  194  21:21  Hydralisk x5  
  196  21:27  Hydralisk  
  196  21:31  Hydralisk x4  
  197  21:40  Hydralisk  
  197  21:43  Hydralisk  
  197  21:46  Hydralisk  
  179  21:47  Hydralisk x2  
  155  21:56  Hydralisk  
  137  22:03  Zergling x2  
  137  22:07  Zergling x2  
  131  22:11  Zergling x2  
  132  22:16  Drone  
  130  22:33  Hatchery  
  129  22:40  Drone x5  
  134  22:44  Extractor  
  134  22:45  Extractor  
  131  23:19  Hydralisk x3  
  130  23:20  Hydralisk x5  
Show
View Real Time Build Order
Export as new Build Order

IA (Difícil) Protoss 

Build Orders:  

Get SALT Encoding   

  12  0:01  Probe  
  13  0:13  Probe  
  14  0:21  Pylon  
  14  0:25  Probe  
  15  0:35  Probe  
  16  0:43  Probe  
  16  0:46  Assimilator  
  17  0:51  Gateway  
  17  0:52  Probe  
  18  0:59  Pylon  
  18  1:00  Probe  
  19  1:14  Probe  
  20  1:37  Gateway  
  20  1:40  Assimilator, Zealot  
  20  1:42  Cybernetics Core  
  22  1:57  Pylon  
  22  1:58  Zealot  
  24  2:19  Warp Gate  
  24  2:24  Zealot  
  26  2:33  Pylon, Zealot  
  28  2:49  Zealot  
  30  3:00  Zealot  
  32  3:08  Adept  
  32  3:16  Pylon  
  34  3:22  Probe  
  35  3:27  Adept  
  37  3:34  Probe  
  37  3:38  Zealot  
  40  3:42  Forge  
  40  3:46  Probe  
  41  3:57  Stalker  
  41  3:58  Probe  
  44  4:08  Pylon  
  43  4:10  Probe  
  43  4:12  Stalker  
  46  4:23  Probe  
  47  4:29  Stalker  
  49  4:35  Probe  
  50  4:52  Probe  
  50  5:49  Probe  
  50  6:21  Sentry, Protoss Ground Weapons Level 1  
  50  6:22  Probe  
  53  6:25  Gateway  
  53  6:28  Robotics Facility  
  53  6:31  Sentry, Pylon  
  55  6:34  Photon Cannon, Probe  
  55  6:36  Photon Cannon  
  56  6:40  Stalker  
  56  6:41  Stargate  
  56  6:44  Twilight Council  
  58  6:47  Forge  
  56  6:54  Stalker  
  56  6:57  Pylon  
  56  7:03  Sentry  
  51  7:15  Observer  
  51  7:17  Stalker  
  51  7:19  Protoss Ground Armor Level 1  
  49  7:26  Zealot  
  49  7:35  Zealot  
  52  7:37  Observer  
  52  7:45  Adept  
  54  7:54  Sentry  
  56  8:03  Stalker  
  58  10:27  Warp Prism  
  58  10:42  Gateway  
  60  10:46  Stalker x2  
  60  10:47  Templar Archives  
  60  10:50  Stalker x2  
  60  10:52  Stalker x2, Robotics Bay  
  60  10:56  Robotics Facility  
  60  11:02  Stargate  
  60  11:03  Observer  
  61  11:05  Pylon  
  61  11:24  High Templar, Warp Prism  
  61  11:25  Fleet Beacon  
  57  11:34  High Templar  
  59  11:43  Warp Prism  
  59  11:45  High Templar, Archon  
  55  11:56  High Templar  
  57  12:06  Stalker, Archon  
  46  12:17  High Templar  
  48  12:27  Carrier, Zealot  
  56  12:53  High Templar  
  58  13:04  Archon  
  58  13:18  Disruptor  
  61  13:35  Observer  
  62  13:44  Stalker  
  64  14:02  Sentry  
  66  14:20  Stalker  
  68  14:25  Zealot  
  68  14:29  Stalker  
  72  14:33  Stalker  
  74  14:43  Stalker  
  76  14:48  Stalker  
  77  14:58  Pylon  
  77  15:03  Observer  
  78  15:11  Zealot  
  76  15:15  Stalker  
  78  15:22  Stalker  
  80  15:40  Sentry  
  78  15:44  Adept  
  76  16:12  Void Ray  
  80  16:33  Disruptor  
  77  16:58  Sentry  
  67  17:09  Observer  
  68  17:17  Probe  
  68  17:21  Stalker  
  70  17:30  Adept  
  70  17:33  Adept  
  74  17:42  Zealot  
  76  17:46  Adept  
  76  17:50  Adept  
  80  17:53  Adept  
  82  18:02  Adept  
  84  18:16  Void Ray  
  82  18:20  Zealot  
  82  18:24  Zealot  
  84  18:28  Pylon  
  84  18:34  Blink  
  84  18:47  Probe  
  84  19:11  Protoss Ground Weapons Level 2  
  84  19:19  Protoss Ground Armor Level 2  
  84  21:06  Immortal  
  88  21:25  Gravitic Boosters  
  88  21:34  Protoss Shields Level 1  
  88  22:23  Gravitic Drive  
  88  22:44  Observer  
Show
View Real Time Build Order
Export as new Build Order

TheslaveD Protoss 

Build Orders: Cannon Rush 

Get SALT Encoding   

  12  0:01  Probe  
  13  0:13  Probe (Chrono Boost)  
  14  0:19  Pylon  
  14  0:25  Probe (Chrono Boost)  
  15  0:36  Probe (Chrono Boost)  
  15  0:40  Forge  
  16  0:48  Pylon  
  16  0:57  Probe  
  17  1:00  Assimilator  
  17  1:18  Photon Cannon  
  17  1:24  Photon Cannon  
  17  1:29  Probe (Chrono Boost)  
  18  1:36  Gateway  
  18  1:39  Probe (Chrono Boost)  
  19  1:44  Probe (Chrono Boost)  
  20  1:56  Photon Cannon, Probe  
  21  2:02  Assimilator  
  21  2:08  Probe  
  22  2:30  Nexus  
  22  2:41  Probe  
  22  2:42  Protoss Shields Level 1  
  23  2:53  Cybernetics Core  
  23  2:55  Probe  
  24  3:08  Probe (Chrono Boost)  
  24  3:09  Pylon  
  25  3:19  Probe (Chrono Boost)  
  26  3:24  Probe (Chrono Boost)  
  27  3:29  Photon Cannon  
  27  3:35  Photon Cannon  
  27  3:43  Probe x2  
  29  3:55  Probe x2  
  31  3:59  Photon Cannon  
  31  4:05  Pylon  
  31  4:10  Photon Cannon  
  31  4:15  Photon Cannon  
  31  4:17  Probe  
  31  4:20  Probe  
  33  4:29  Probe (Chrono Boost)  
  33  4:30  Stargate  
  34  4:35  Probe (Chrono Boost)  
  35  4:41  Probe (Chrono Boost)  
  36  4:47  Probe (Chrono Boost)  
  37  5:00  Nexus  
  37  5:05  Pylon  
  37  5:14  Void Ray (Chrono Boost)  
  22  5:37  Probe (Chrono Boost)  
  22  5:39  Probe (Chrono Boost)  
  22  5:48  Probe (Chrono Boost)  
  23  5:53  Probe (Chrono Boost)  
  27  5:58  Pylon  
  28  6:04  Probe  
  28  6:07  Pylon  
  28  6:16  Probe  
  17  7:01  Pylon  
  14  7:15  Nexus  
  14  7:26  Nexus  
  14  7:35  Pylon  
  14  7:38  Pylon  
  14  8:10  Forge  
Show
View Real Time Build Order
Export as new Build Order

IA (Difícil) Terran 

Build Orders:  

Get SALT Encoding   

  12  0:01  SCV  
  13  0:13  SCV  
  14  0:20  Supply Depot  
  14  0:25  SCV  
  15  0:41  SCV  
  16  0:46  Barracks  
  16  0:50  Refinery  
  16  0:53  SCV  
  17  1:05  SCV  
  18  1:17  SCV  
  19  1:23  Supply Depot  
  19  1:30  SCV  
  20  1:33  Marine  
  21  1:43  Barracks, Orbital Command  
  21  1:51  Barracks Tech Lab, Refinery  
  21  2:09  Marine  
  21  2:10  Supply Depot  
  22  2:28  Marauder  
  24  2:30  Marine  
  23  2:47  Marine  
  23  2:49  Marine  
  25  2:53  Supply Depot  
  25  3:05  Marine  
  25  3:07  Marauder  
  29  3:12  SCV  
  29  3:23  Marine  
  29  3:25  SCV  
  31  3:28  Marauder  
  31  3:31  Engineering Bay  
  33  3:37  SCV  
  33  3:41  Marine  
  34  3:46  Supply Depot  
  35  3:49  Marine, SCV  
  37  4:01  SCV  
  38  4:08  Marauder  
  40  4:13  SCV  
  41  4:29  Marauder  
  43  5:06  Barracks Tech Lab  
  43  5:08  Stimpack, SCV  
  43  5:10  Factory  
  44  5:14  Factory  
  44  5:18  Supply Depot  
  44  5:20  SCV  
  45  5:22  Terran Infantry Weapons Level 1  
  45  5:24  Concussive Shells  
  44  5:32  SCV  
  45  5:54  Factory Tech Lab  
  45  5:58  Starport, Widow Mine  
  45  6:01  Starport  
  45  6:06  Combat Shield  
  45  6:08  Marine  
  45  6:10  Missile Turret  
  46  6:16  Missile Turret  
  49  6:18  Siege Tank  
  49  6:20  Factory Tech Lab  
  49  6:34  Starport Tech Lab  
  49  6:37  Viking  
  51  6:40  Bunker  
  51  6:45  Barracks  
  51  6:47  Supply Depot  
  51  6:48  Widow Mine  
  53  6:58  Banshee  
  56  7:09  Starport Tech Lab  
  56  7:16  Terran Infantry Armor Level 1  
  56  7:26  Banshee  
  59  7:41  Raven  
  61  8:09  Raven  
  63  8:18  Sensor Tower  
  63  8:37  Armory  
  63  8:44  Barracks Reactor  
  63  9:26  Siege Tank  
  63  9:27  Supply Depot  
  66  9:32  Hellion  
  62  9:38  Marine  
  62  9:44  Marine  
  51  9:50  Marine  
  46  9:56  Marine  
  47  10:03  Marine  
  47  10:04  SCV  
  42  10:09  Marine  
  39  10:15  Marine  
  39  10:16  SCV  
  39  10:20  Marine  
  41  10:24  Engineering Bay  
  41  10:27  Hellion  
  43  10:28  SCV  
  43  10:32  Siege Tank  
  47  10:38  Marine  
  47  10:40  Medivac  
  47  10:41  SCV  
  51  10:44  Marine  
  52  10:50  Siege Tank  
  52  10:53  SCV  
  56  10:59  Medivac  
  58  11:04  Siege Tank  
  58  11:05  SCV  
  62  11:17  SCV  
  63  11:19  Medivac  
  63  11:22  Hellion  
  66  11:59  Raven  
  68  12:25  Siege Tank  
  68  12:28  Supply Depot  
  71  12:50  SCV  
  75  12:51  Siege Tank  
  75  13:02  SCV  
  76  13:15  Siege Tank  
  76  13:18  Supply Depot  
  78  13:29  Viking  
  80  13:34  Widow Mine  
  82  14:12  Thor  
  82  14:16  Supply Depot  
  87  14:27  Viking  
  89  14:32  Widow Mine  
  89  14:38  SCV  
  92  14:42  Supply Depot  
  92  14:50  SCV  
  93  15:08  Thor  
  93  15:12  Supply Depot  
  99  15:19  Marine  
  89  15:24  Marine  
  83  15:28  Marine  
  83  15:33  Marine  
  79  15:37  Marine  
  79  15:42  Marine  
  81  15:46  Marine  
  82  15:55  Marine, Banshee  
  86  16:00  Viking  
  75  16:30  Viking  
  77  16:38  Raven  
  79  16:58  Marauder  
  79  17:01  Marauder  
  83  17:02  Marine  
  83  17:05  Supply Depot, Marine  
  85  17:19  Marine  
  85  17:20  Marine  
  85  17:21  Marine  
  85  17:22  Ghost Academy, Marine  
  81  17:33  SCV  
  61  17:37  Marine  
  61  17:38  Marine  
  61  17:39  Marine  
  61  17:40  Marine  
  46  17:55  Marine  
  46  17:57  Marine  
  49  18:04  Viking  
  31  18:13  Marine, SCV  
  31  18:15  Viking, Ghost  
  31  18:19  Hellion  
  33  18:23  Hellion  
  33  18:25  SCV  
  27  18:30  Marine  
  16  18:34  Viking  
  16  18:37  SCV  
  16  18:41  Hellion  
  15  18:42  Missile Turret  
Show
View Real Time Build Order
Export as new Build Order

IA (Difícil) Zerg 

Build Orders: 1 Base Baneling Bust, Pool First 

Get SALT Encoding   

  12  0:01  Drone  
  13  0:12  Overlord  
  13  0:17  Drone  
  14  0:30  Drone  
  14  0:31  Drone  
  16  0:41  Spawning Pool  
  15  0:44  Drone  
  15  0:48  Drone  
  17  0:51  Extractor  
  17  0:55  Drone  
  17  1:05  Overlord  
  17  1:30  Queen  
  17  1:31  Zergling x2  
  20  1:36  Zergling x2, Roach Warren  
  20  1:38  Drone  
  21  1:41  Extractor  
  20  1:49  Drone  
  21  2:00  Drone  
  22  2:10  Overlord  
  22  2:21  Drone  
  23  2:31  Roach  
  26  2:37  Roach, Drone  
  26  2:41  Overlord  
  26  2:43  Roach  
  30  2:54  Roach  
  32  3:05  Roach  
  34  3:09  Overlord, Drone  
  34  3:11  Roach  
  37  3:17  Drone  
  38  3:26  Baneling Nest  
  37  3:27  Roach  
  37  3:31  Evolution Chamber  
  38  3:38  Drone  
  38  3:40  Drone  
  38  3:41  Roach  
  42  3:42  Drone  
  43  3:50  Drone  
  44  4:01  Drone  
  45  4:12  Drone  
  46  4:54  Lair, Overlord  
  46  4:55  Zerg Melee Weapons Level 1, Drone  
  46  4:56  Evolution Chamber, Drone  
  46  4:57  Drone  
  47  5:22  Zerg Missile Weapons Level 1  
  47  5:29  Spore Crawler  
  47  5:33  Drone, Spore Crawler  
  47  5:35  Drone  
  45  5:50  Zergling x2, Drone  
  45  5:51  Queen  
  45  5:52  Overseer  
  45  5:54  Overseer  
  45  5:55  Hydralisk Den  
  40  5:58  Drone  
  40  5:59  Roach  
  35  6:08  Roach  
  37  6:16  Roach  
  39  6:25  Roach  
  41  6:27  Burrow  
  41  6:33  Roach  
  41  6:34  Overlord  
  43  6:42  Roach  
  43  6:45  Drone, Spine Crawler  
  45  6:50  Zerg Ground Armor Level 1  
  45  6:51  Roach  
  45  6:52  Spine Crawler  
  46  6:57  Drone, Infestation Pit  
  46  6:59  Roach  
  46  7:00  Drone  
  49  7:07  Hydralisk  
  51  7:13  Spire  
  51  7:14  Drone  
  51  7:19  Hydralisk  
  53  7:27  Hydralisk  
  54  7:36  Zergling x2  
  55  7:44  Hydralisk  
  57  8:34  Overseer  
  57  8:35  Overlord  
  57  8:55  Pneumatized Carapace  
  57  8:56  Overlord, Mutalisk  
  59  9:03  Mutalisk  
  61  9:11  Mutalisk  
  63  9:19  Mutalisk  
  65  9:27  Mutalisk  
  67  9:35  Corruptor  
  52  9:57  Hive  
  44  10:43  Overseer  
  44  11:06  Mutalisk  
  44  11:08  Viper  
  49  11:14  Hatchery  
  49  11:15  Drone  
  49  11:25  Mutalisk  
  51  11:43  Mutalisk  
  53  11:58  Overseer  
  53  12:15  Mutalisk  
  55  12:32  Overseer  
  55  12:46  Roach  
  55  12:48  Overlord  
  55  12:49  Roach  
  59  12:52  Roach  
  59  12:55  Zergling x2  
  64  12:58  Roach  
  64  13:00  Hydralisk  
  66  13:06  Hydralisk  
  66  13:07  Overlord  
  66  13:12  Roach  
  68  13:16  Roach  
  68  13:21  Roach  
  68  13:25  Roach  
  70  13:34  Hydralisk  
  72  13:43  Hydralisk  
  72  14:12  Infestor  
  72  14:17  Roach  
  72  14:21  Roach  
  70  14:24  Zergling x2  
  70  14:27  Roach  
  70  14:31  Roach  
  72  14:34  Roach  
  74  14:38  Overlord, Roach  
  74  14:44  Roach  
  73  14:49  Roach  
  75  14:57  Hydralisk  
  77  15:06  Hydralisk  
  79  15:14  Hydralisk  
  81  15:25  Hydralisk  
  81  15:26  Overlord  
  83  15:51  Infestor  
  88  16:19  Swarm Host  
  88  16:20  Overlord  
  91  16:45  Zergling x2  
  91  16:47  Zerg Melee Weapons Level 2  
  87  16:56  Hydralisk  
  87  17:38  Zerg Ground Armor Level 2  
  87  18:19  Roach  
  55  18:22  Roach  
  55  18:25  Roach  
  49  18:28  Roach  
  49  18:31  Roach  
  53  18:34  Roach  
  55  18:43  Hydralisk  
  57  18:51  Hydralisk  
  59  18:56  Roach  
  63  19:03  Zerg Missile Weapons Level 2, Roach  
  63  19:06  Roach  
  65  19:32  Infestor  
  67  19:50  Zergling x2  
  67  20:00  Infestor  
  65  20:29  Infestor  
  67  20:56  Infestor  
  69  21:23  Infestor  
  71  21:33  Overseer  
  71  21:38  Roach  
  73  21:43  Zergling x2  
  73  21:47  Roach  
  73  21:52  Roach  
  77  21:56  Roach  
  79  22:19  Infestor  
  81  22:47  Infestor  
  83  23:13  Infestor  
  85  23:24  Hydralisk  
  87  23:29  Overlord, Roach  
  87  23:33  Roach  
Show
View Real Time Build Order
Export as new Build Order

IA (Difícil) Protoss 

Build Orders:  

Get SALT Encoding   

  12  0:01  Probe  
  13  0:13  Probe  
  14  0:19  Pylon  
  14  0:25  Probe  
  15  0:34  Probe  
  15  0:42  Probe  
  16  0:45  Assimilator  
  16  0:49  Gateway  
  17  0:52  Probe  
  18  1:00  Probe  
  18  1:02  Pylon  
  19  1:18  Probe  
  20  1:37  Zealot  
  22  1:40  Gateway  
  22  1:42  Cybernetics Core  
  22  1:44  Assimilator  
  22  2:00  Pylon  
  22  2:08  Stalker  
  22  2:22  Warp Gate  
  24  2:31  Zealot  
  26  2:44  Stalker  
  28  2:49  Pylon  
  28  2:52  Stalker  
  30  3:12  Probe  
  31  3:14  Stalker  
  31  3:18  Stalker  
  33  3:22  Pylon  
  33  3:24  Probe  
  36  3:36  Probe  
  37  3:43  Adept  
  37  3:44  Forge  
  37  3:48  Probe  
  40  3:49  Adept  
  42  4:00  Probe  
  43  4:12  Probe  
  44  4:21  Stalker  
  46  5:43  Probe  
  46  5:48  Zealot  
  46  5:52  Protoss Ground Weapons Level 1  
  44  5:58  Probe  
  44  6:00  Zealot  
  43  6:06  Gateway  
  43  6:10  Twilight Council, Probe  
  43  6:11  Zealot  
  46  6:14  Pylon  
  46  6:17  Photon Cannon  
  46  6:19  Photon Cannon  
  46  6:21  Adept  
  48  6:31  Sentry  
  50  6:41  Adept  
  50  6:42  Blink  
  52  6:53  Sentry  
  54  7:03  Adept  
  54  7:04  Pylon  
  54  7:07  Robotics Facility  
  56  7:09  Stargate  
  56  7:11  Forge  
  56  7:15  Adept  
  50  7:25  Stalker  
  50  7:35  Stalker  
  52  7:37  Protoss Ground Armor Level 1  
  52  7:45  Stalker  
  54  7:55  Stalker  
  54  7:56  Observer  
  57  8:12  Probe  
  57  8:17  Observer  
  58  9:28  Probe  
  58  9:37  Stalker  
  50  9:47  Zealot  
  44  9:57  Adept  
  42  10:07  Zealot  
  44  10:17  Adept  
  44  10:21  Protoss Ground Weapons Level 2  
  46  10:27  Adept  
  48  10:28  Warp Prism  
  48  10:34  Stalker  
  52  10:37  Pylon  
  52  10:40  Sentry  
  52  10:41  Robotics Facility  
  54  10:43  Protoss Ground Armor Level 2  
  54  10:45  Gateway  
  54  10:48  Zealot  
  56  10:55  Adept  
  58  10:58  Stargate  
  58  11:03  Stalker  
  59  11:05  Observer  
  59  11:06  Pylon  
  59  11:10  Sentry  
  62  11:17  Adept  
  52  11:25  Warp Prism  
  52  11:27  Zealot  
  52  11:28  Warp Prism  
  58  11:34  Zealot  
  55  11:40  Adept  
  57  11:47  Adept  
  57  11:53  Adept  
  61  12:00  Stalker  
  63  12:02  Observer  
  63  12:04  Observer  
  63  12:07  Stalker  
  67  12:14  Zealot  
  67  12:16  Immortal  
  67  12:27  Immortal  
  75  12:49  Protoss Shields Level 1  
  75  13:12  Pylon  
  68  13:26  Stalker  
  63  13:33  Stalker  
  59  13:42  Stalker  
  59  13:56  Observer  
  59  14:01  Zealot  
  56  14:07  Stalker  
  58  14:14  Zealot  
  58  14:15  Probe  
  60  14:21  Templar Archives  
  60  14:28  Photon Cannon  
  59  14:59  High Templar  
  61  15:05  Zealot  
  55  15:09  Stalker  
  55  15:12  Zealot  
  39  15:23  Photon Cannon  
  39  15:25  Stalker  
  37  15:31  Stalker  
  37  15:35  Stalker  
  39  15:39  Stalker  
  39  15:48  Stalker  
  37  15:54  Stalker  
  39  15:58  Stalker  
  39  16:03  Stalker  
  36  16:11  Stalker  
  36  16:14  Probe  
  36  16:15  Zealot  
  36  16:22  Warp Prism  
  36  16:23  Zealot  
  30  16:26  Probe, Warp Prism  
  30  16:29  Zealot  
  32  16:35  Zealot  
  32  16:38  Probe  
  27  16:41  Zealot  
  27  16:46  Zealot  
  24  16:50  Probe, Zealot  
  23  16:55  Zealot  
  23  17:02  Probe, Zealot  
  23  17:07  Zealot  
  24  17:10  Zealot  
  24  17:14  Probe  
  24  17:15  Zealot  
  23  17:22  Zealot  
  20  17:31  High Templar  
  20  17:36  Zealot  
  22  17:40  Nexus  
  22  17:42  Zealot  
  12  18:51  Probe  
  13  18:59  Probe, High Templar  
  16  19:10  Zealot  
  18  19:33  Probe  
  18  19:34  High Templar  
  21  19:41  Archon  
  21  19:45  Probe  
  22  20:04  High Templar  
  21  20:07  Zealot  
  13  22:14  Pylon  
  12  22:46  Pylon  
Tags
 
Add a new tag
Caveats
  • Supply blocks, unpowered buildings, or Contaminate may cause inaccurate times.
  • Supply counts are checked every 10 seconds.